 Dungeon Crawl Stone Soup version 0.31-a0-37-g98a128e1d9 (webtiles) character file.

Game seed: 4770459957047386871

4204 BlueFish the Fighter (level 10, -1/88 HPs)
             Began as a Grey Draconian Artificer on May 15, 2023.
             Was a Follower of Wu Jian.
             Slain by an orc warlord
             ... wielding a +5 battleaxe
              (33 damage)
             ... in a bailey.
             The game lasted 00:21:22 (7318 turns).

BlueFish the Fighter (Grey Draconian Artificer)     Turns: 7318, Time: 00:21:23

Health: -1/88      AC: 13    Str: 16    XL:     10   Next: 8%
Magic:  10/10      EV: 13    Int: 15    God:    Wu Jian [*.....]
Gold:   429        SH:  5    Dex: 11    Spells: 9/9 levels left

rFire   . . .        a - +3 whip (elec)
rCold   . . .        o - +0 buckler
rNeg    . . .        (body armour unavailable)
rPois   .            (helmet restricted)
rElec   .            (no cloak)
rCorr   .            (no gloves)
SInv    .            v - +0 pair of boots
Will    .....        (no amulet)
Stlth   +++          n - +4 ring of slaying
HPRegen 0.34/turn    (no ring)
MPRegen 0.12/turn

%: no passive effects
@: no status effects
A: AC +12, amphibious, unfitting armour, cold-blooded
a: Renounce Religion


You were in a bailey.
You worshipped Wu Jian.
Wu Jian was aware of your devotion.
You visited 2 branches of the dungeon, and saw 8 of its levels.
You also visited: Ossuary and Bailey.

You collected 429 gold pieces.

Inventory:

Hand Weapons
 a - a +3 whip of electrocution (weapon)
 b - a +0 whip of holy wrath
 e - a +0 hand axe
 g - a +0 short sword
 y - a +0 club
 D - a +2 whip of flaming
Armour
 o - a +0 buckler (worn)
 v - a +0 pair of boots (worn)
Jewellery
 n - a +4 ring of slaying (left hand)
 p - a ring of fire
Wands
 c - a wand of charming (14)
 d - a wand of iceblast (3)
 m - a wand of light (3)
 z - a wand of flame (2) (quivered)
Scrolls
 h - 2 scrolls of enchant weapon
 s - 2 scrolls of noise
 t - 2 scrolls of magic mapping {unknown}
 w - a scroll of immolation {unknown}
 A - 3 scrolls of fear
 B - a scroll of poison
 C - a scroll of enchant armour {unknown}
 F - a scroll of brand weapon {unknown}
 G - 2 scrolls of vulnerability {unknown}
Potions
 f - a potion of attraction
 i - 2 potions of heal wounds
 j - a potion of mutation
 k - 2 potions of cancellation {unknown}
 l - 3 potions of brilliance
 q - a potion of curing
 r - 2 potions of resistance {unknown}
 u - a potion of ambrosia
 x - a potion of might
 E - a potion of magic
 H - a potion of invisibility {unknown}
 I - 3 potions of haste {unknown}


   Skills:
 * Level 8.3 Fighting
 + Level 4.5 Short Blades
 + Level 6.0 Dodging
 + Level 6.0 Stealth
 + Level 4.6 Shields
 + Level 6.8 Evocations


You had 9 spell levels left.
You didn't know any spells.
Your spell library contained the following spells:

 Spells                   Type           Power      Damage    Failure   Level
 Magic Dart               Conj           0%         1d3       34%         1
 Call Imp                 Summ           0%         N/A       45%         2
 Mephitic Cloud           Conj/Pois/Air  0%         N/A       71%         3


Dungeon Overview and Level Annotations

Branches:
Dungeon (7/15)             Temple (1/1) D:6         Ossuary (visited)
 Bailey (1/1)

Altars:
Ashenzari
Cheibriados
Dithmenos
Elyvilon
Fedhas
Hepliaklqana
Kikubaaqudgha
Makhleb
Nemelex Xobeh
Qazlal
Ru
Uskayaw
Wu Jian
Yredelemnul
Zin
The Shining One

Shops:
D:6 (

Annotations:
D:7 2 runed translucent doors, exclusion: orange crystal statue


Innate Abilities, Weirdness & Mutations

Your dull iron-grey scales are very hard. (AC +12)
You are amphibious.
You cannot fit into any form of body armour.
You are cold-blooded and may be slowed by cold attacks.


Message History

You hit the orc warlord but do no damage.
The orc warlord is lightly wounded.
You block the kobold's attack. The kobold misses you.
You hit the kobold.
You kill the kobold!
The Council accepts your kill.
The orc warlord is no longer blind.
You hit the orc warlord.
The orc warlord is lightly wounded.
The orc warlord hits you with a +5 battleaxe!!
Aiming: Bolt of Light
Press: ? - help, Shift-Dir - straight line, f/p - orc warlord
Aim: an orc warlord, wielding a +5 battleaxe and wearing a +0 plate armour (lightly wounded, 84% to hit)
The bolt of light hits the orc warlord!
The orc warlord is lightly wounded.
The orc warlord is blinded.
The orc warlord closely misses you.
You hit the orc warlord.
The orc warlord is moderately wounded.
The orc warlord closely misses you.
You barely miss the orc warlord.
The orc warlord is moderately wounded.
The orc warlord hits you but does no damage.
The orc warlord hits you with a +5 battleaxe!
You hit the orc warlord but do no damage.
Your tail-slap misses the orc warlord.
The orc warlord is moderately wounded.
The orc warlord barely misses you.
You hit the orc warlord.
You tail-slap the orc warlord, but do no damage.
The orc warlord is moderately wounded.
The orc warlord is no longer blind.
You block the orc warlord's attack.
You closely miss the orc warlord.
The orc warlord is moderately wounded.
The orc warlord hits you with a +5 battleaxe!!
Aiming: Bolt of Light
Press: ? - help, Shift-Dir - straight line, f/p - orc warlord
Aim: an orc warlord, wielding a +5 battleaxe and wearing a +0 plate armour (moderately wounded, 84% to hit)
The bolt of light misses the orc warlord.
The orc warlord hits you with a +5 battleaxe!!
You die...

..#########......8...#
.##~~~#~~~####......##
.#~).....~#~~#.....##
.#~!........~#....##
.##8.8...8.8~##...#
..#.........~~'...#
..#....∩....~~'...#
..#.........~~'.o.#
.##8.8...8.8~##.@.#
.#~?........~#....##
.#~=.....~#~~#(....##
.##~~~#~~~####......##
.(#########......8...#
...((..K..).(........#
....#~~~~)#..........#
....#~~~~~#...8..8..##
...##~~~~~##.......##


You could see an orc warlord.

Vanquished Creatures
  Pikel (D:6)
  Maggie (D:6)
  A hornet (D:7)
  Grinder (D:3)
  A wraith (D:7)
  A steam dragon (D:6)
  2 ice beasts
  2 black bears (D:5)
  4 orc warriors
  2 ogres (D:5)
  A centaur (D:7)
  A phantom (D:6)
  4 lemures (D:6)
  3 elf zombies (Ossuary)
  A bullfrog (D:6)
  2 scorpions
  7 wights (D:7)
  3 howler monkeys (D:7)
  A gnoll bouda (D:5)
  A centaur zombie (Ossuary)
  A jelly (D:7)
  3 human zombies (Ossuary)
  3 hounds
  3 orc priests
  A sleepcap (D:5)
  4 orc wizards
  Terence (D:3)
  3 mummies (Ossuary)
  Robin (D:4)
  7 gnolls
  6 adders
  An ufetubus (D:5)
  4 adder zombies (Ossuary)
  4 worms
  2 dart slugs
  24 orcs
  4 ball pythons
  4 bats
  3 endoplasms
  5 giant cockroaches
  3 gnoll zombies (Ossuary)
  18 goblins
  9 hobgoblins
  8 jackals
  12 kobolds
  5 quokkas
  3 frilled lizards
  4 goblin zombies (Ossuary)
  5 hobgoblin zombies (Ossuary)
  2 jackal zombies (Ossuary)
  3 kobold zombies (Ossuary)
  5 quokka zombies (Ossuary)
  5 rats
  A rat zombie (Ossuary)
207 creatures vanquished.

Vanquished Creatures (collateral kills)
  A gnoll (D:2)
  A hobgoblin (D:2)
2 creatures vanquished.

Vanquished Creatures (others)
  A gnoll (D:2)
1 creature vanquished.

Grand Total: 210 creatures vanquished

Notes
Turn   | Place    | Note
-------+----------+-------------------------------------------
     0 | D:1      | BlueFish the Draconian Artificer began the quest for the
                  | Orb.
     0 | D:1      | Reached XP level 1. HP: 16/16 MP: 1/1
    82 | D:1      | Reached skill level 1 in Stealth
   175 | D:1      | Reached XP level 2. HP: 20/23 MP: 2/2
   705 | D:2      | Reached XP level 3. HP: 20/29 MP: 3/3
   790 | D:2      | Reached skill level 2 in Fighting
   930 | D:2      | Reached XP level 4. HP: 36/36 MP: 4/4
  1457 | D:3      | Noticed Terence
  1465 | D:3      | Killed Terence
  1775 | D:3      | Noticed Grinder
  1786 | D:3      | Paralysed by Grinder for 2 turns
  1953 | D:3      | Killed Grinder
  1954 | D:3      | Reached skill level 3 in Fighting
  1954 | D:3      | Reached XP level 5. HP: 36/45 MP: 5/5
  1954 | D:3      | Reached XP level 6. HP: 41/51 MP: 6/6
  2125 | D:3      | Found a shadowy altar of Dithmenos.
  2596 | D:4      | Noticed an ice beast
  2615 | D:4      | Killed an ice beast
  2893 | D:4      | Reached skill level 4 in Fighting
  3049 | D:4      | Your scales start taking on a dull iron-grey colour.
  3049 | D:4      | Reached XP level 7. HP: 59/59 MP: 7/7
  3109 | D:4      | Noticed Robin
  3133 | D:4      | Killed Robin
  3780 | D:5      | Entered Level 5 of the Dungeon
  3809 | D:5      | Reached skill level 1 in Short Blades
  3809 | D:5      | Reached skill level 1 in Shields
  3809 | D:5      | Reached skill level 5 in Evocations
  3911 | D:5      | Reached XP level 8. HP: 42/67 MP: 8/8
  4002 | D:5      | Found a sand-covered staircase.
  4011 | Ossuary  | Entered an ossuary
  4167 | Ossuary  | Reached skill level 5 in Fighting
  4990 | D:6      | Noticed Pikel
  5040 | D:6      | Reached skill level 6 in Fighting
  5040 | D:6      | Reached skill level 5 in Dodging
  5062 | D:6      | Killed Pikel
  5063 | D:6      | Reached skill level 5 in Stealth
  5063 | D:6      | Reached XP level 9. HP: 23/78 MP: 9/9
  5250 | D:6      | Found Cozy's Weapon Shoppe.
  5376 | D:6      | Found a staircase to the Ecumenical Temple.
  5386 | Temple   | Entered the Ecumenical Temple
  5532 | Temple   | Became a worshipper of the Wu Jian Council
  5742 | D:6      | Noticed Maggie
  5762 | D:6      | Killed Maggie
  5916 | D:6      | Reached skill level 7 in Fighting
  6572 | D:7      | Reached * piety under Wu Jian
  6647 | D:7      | Reached skill level 8 in Fighting
  6657 | D:7      | Found a runed translucent door.
  6658 | D:7      | Noticed an orange crystal statue
  6658 | D:7      | Found the +10 tower shield of Ignorance {rN+ Int-4}
  6801 | D:7      | Reached XP level 10. HP: 80/88 MP: 10/10
  6849 | D:7      | Found a runed translucent door.
  6857 | D:7      | Found a flagged portal.
  6866 | Bailey   | Entered a bailey
  6871 | Bailey   | Noticed an orc warlord
  6978 | Bailey   | Found a runed translucent gate.
  6980 | Bailey   | Found a runed translucent gate.
  7140 | Bailey   | Found a runed translucent gate.
  7318 | Bailey   | Slain by an orc warlord

Illustrated notes

Levels and vault maps discovered:
D:1:      wander_arrival_chamber, layout_loops_ring
D:2:      layout_loops_cross
D:3:      layout_basic, grunt_dithmenos_smoke_and_mirrors, uniq_terence,
          uniq_grinder
D:4:      layout_basic, serial_curves, eino_curves_03, eino_curves_04,
          patterned_corridor, uniq_robin
D:5:      layout_loops_ring, lightli_ossuary_entry_decrepit_ruins,
          grunt_decor_cap, chequers_serial_rivers_large_b
D:6:      layout_loops_corners, minmay_temple_entry_drinking_statues,
          serial_shops, nicolae_shop_bloodbath_and_beyond, uniq_pikel,
          uniq_maggie
D:7:      layout_rooms, enter_bailey_4, chequers_guarded_unrand_ignorance
Temple:   mainiacjoe_temple_hex_bubbles
Bailey:   bailey_axe_bossmonster_kennysheep, bailey

Skill      XL: |  1  2  3  4  5  6  7  8  9 10 |
---------------+-------------------------------+-----
Stealth        | 1 2 3 4 5 6 |  6.0
Fighting       | 2 3 4 6 8 |  8.3
Dodging        | 3 4 5 6 |  6.0
Evocations     | 4 5 6 |  6.8
Short Blades   | 1 3 4 |  4.5
Shields        | 1 3 4 |  4.6

Action                     |  1- 3 |  4- 6 |  7- 9 | 10-12 || total
---------------------------+-------+-------+-------+-------++-------
  Melee: Hand axe          |    11 |       |       |       ||    11
         Club              |     7 |       |       |       ||     7
         Tailslap          |    20 |    19 |    76 |    12 ||   127
         Short sword       |    91 |   174 |    20 |       ||   285
         Punch             |       |     1 |       |       ||     1
         Whip              |       |       |   469 |    75 ||   544
Ability: Lunge             |       |       |     6 |     2 ||     8
  Evoke: Wand              |     8 |     9 |     2 |     3 ||    22
    Use: Potion            |       |       |     2 |     1 ||     3
         Scroll            |       |       |    13 |       ||    13
   Stab: Sleeping          |     2 |     2 |     6 |       ||    10
         Distracted        |       |     1 |     1 |       ||     2
 Armour: Skin              |    34 |    54 |   203 |    18 ||   309
  Dodge: Dodged            |    85 |   115 |   309 |    42 ||   551
  Block: Buckler           |       |       |   109 |    19 ||   128

Table legend: (Time is in decaauts)
 A = Elapsed time spent in this place.
 B = Non-inter-level travel time spent in this place.
 C = Inter-level travel time spent in this place.
 D = Time resting spent in this place.
 E = Time spent auto-exploring this place.
 F = Levels seen in this place.
 G = Mean time per level.
                   A        B        C        D        E       F      G
               +--------+--------+--------+--------+--------+-----+--------+
         Total |   7411 |   7182 |    229 |    253 |   3549 |  10 |  741.1 |
       Dungeon |   6383 |   6205 |    178 |    253 |   3087 |   7 |  911.9 |
        Temple |    197 |    146 |     51 |      0 |     44 |   1 |  197.0 |
       Ossuary |    369 |    369 |      0 |      0 |    151 |   1 |  369.0 |
        Bailey |    461 |    461 |      0 |      0 |    267 |   1 |  461.0 |
               +--------+--------+--------+--------+--------+-----+--------+

Top non-repeatable levels by time:
     D:6: 1210 daAuts
     D:4: 1193 daAuts
     D:3: 1021 daAuts
     D:2: 907 daAuts
     D:5: 862 daAuts
     D:1: 680 daAuts
     D:7: 507 daAuts
  Bailey: 461 daAuts
 Ossuary: 369 daAuts
  Temple: 197 daAuts
